 Dungeon Crawl Stone Soup version 0.29-a0-286-g41199d4a87 (webtiles) character file.

Game seed: 3211666989270397448

457 epen the Covert (level 7, -6/56 HPs)
             Began as a Gnoll Brigand on Mar 16, 2022.
             Mangled by Duvessa
             ... wielding a +0 short sword
              (19 damage)
             ... on level 4 of the Dungeon.
             The game lasted 00:05:07 (4156 turns).

epen the Covert (Gnoll Brigand)                     Turns: 4156, Time: 00:05:08

Health: -6/56      AC:  4    Str: 10    XL:     7   Next: 6%
Magic:  19/19      EV: 13    Int: 11    God:
Gold:   209        SH:  0    Dex: 15    Spells: 10/10 levels left

rFire   . . .      SeeInvis .   a - +2 dagger
rCold   . . .      Faith    .   (no shield)
rNeg    . . .      Spirit   .   b - +0 robe
rPois   +          Reflect  .   (no helmet)
rElec   .          Harm     .   c - +0 cloak
rCorr   .          Rampage  .   m - +0 pair of gloves
Will    .....                   (no boots)
Stlth   ++++......              (no amulet)
HPRegen 0.18/turn               i - ring of poison resistance
MPRegen 0.16/turn               f - ring of magical power

@: no status effects
A: fangs 1, strong nose, distributed training
a: no special abilities


You were on level 4 of the Dungeon.
You visited 1 branch of the dungeon, and saw 4 of its levels.

You collected 209 gold pieces.

Inventory:

Hand Weapons
 a - a +2 dagger (weapon)
Missiles
 d - a poisoned dart (quivered)
Armour
 b - a +0 robe (worn)
 c - a +0 cloak (worn)
 m - a +0 pair of gloves (worn)
 t - a +2 leather armour of poison resistance
Jewellery
 f - a ring of magical power (right hand)
 i - a ring of poison resistance (left hand)
 n - an amulet of reflection
 p - a ring of fire
Wands
 s - a wand of flame (11)
Scrolls
 g - 2 scrolls of amnesia
 l - 2 scrolls of fear {unknown}
 q - 3 scrolls of teleportation
Potions
 j - a potion of haste
 k - 2 potions of heal wounds
 o - a potion of might
 r - a potion of curing {unknown}


   Skills:
 + Level 5.1 Fighting
 + Level 5.1 Short Blades
 + Level 2.2 Long Blades
 + Level 2.2 Axes
 + Level 2.2 Maces & Flails
 + Level 2.2 Polearms
 + Level 2.2 Staves
 + Level 2.2 Slings
 + Level 2.2 Bows
 + Level 2.2 Crossbows
 + Level 5.1 Throwing
 + Level 2.2 Armour
 + Level 3.4 Dodging
 + Level 8.1 Stealth
 + Level 2.2 Shields
 + Level 2.2 Unarmed Combat
 + Level 2.2 Spellcasting
 + Level 1.8 Conjurations
 + Level 1.8 Hexes
 + Level 1.8 Summonings
 + Level 1.8 Necromancy
 + Level 1.8 Translocations
 + Level 1.8 Transmutations
 + Level 1.8 Fire Magic
 + Level 1.8 Ice Magic
 + Level 1.8 Air Magic
 + Level 1.8 Earth Magic
 + Level 1.8 Poison Magic
 + Level 2.5 Invocations
 + Level 2.2 Evocations


You had 10 spell levels left.
You didn't know any spells.
Your spell library contained the following spells:

 Spells                   Type           Power      Damage    Failure   Level
 Foxfire                  Conj/Fire      20%        2x1d5     14%         1
 Conjure Flame            Conj/Fire      5%         6-21      38%         3
 Inner Flame              Hex/Fire       5%         N/A       38%         3
 Flame Wave               Conj/Fire      5%         2d5       80%         4


Dungeon Overview and Level Annotations

Branches:
Dungeon (4/15)
 Temple: D:4-7

Altars:
Nemelex Xobeh

Annotations:
D:3 1 exclusion
D:4 Duvessa


Innate Abilities, Weirdness & Mutations

You have very sharp teeth.
Your uncanny sense of smell can sniff out nearby items.
Your experience applies equally to all skills.


Message History

Throw: 6 darts (poison)
Press: ? - help, Q - select action, (/) - cycle Shift-Dir - straight line, f/p - Duvessa
Aim: Duvessa, wielding a +0 short sword and wearing a +0 leather armour (heavily wounded, berserk, 66% to hit)
You throw a poisoned dart. The poisoned dart hits Duvessa.
Duvessa is poisoned.
Duvessa is heavily wounded.
Duvessa hits you with a +0 short sword.
Throw: 5 darts (poison)
Press: ? - help, Q - select action, (/) - cycle Shift-Dir - straight line, f/p - Duvessa
Aim: Duvessa, wielding a +0 short sword and wearing a +0 leather armour (heavily wounded, berserk, poisoned, 66% to hit)
You throw a poisoned dart. The poisoned dart hits Duvessa.
Duvessa is heavily wounded.
Duvessa barely misses you.
Throw: 4 darts (poison)
Press: ? - help, Q - select action, (/) - cycle Shift-Dir - straight line, f/p - Duvessa
Aim: Duvessa, wielding a +0 short sword and wearing a +0 leather armour (moderately wounded, berserk, poisoned, 66% to hit)
You throw a poisoned dart.
The poisoned dart closely misses Duvessa.
The poisoned dart hits the endoplasm.
Duvessa hits you with a +0 short sword.
Throw: 3 darts (poison)
Press: ? - help, Q - select action, (/) - cycle Shift-Dir - straight line, f/p - Duvessa
Aim: Duvessa, wielding a +0 short sword and wearing a +0 leather armour (moderately wounded, berserk, poisoned, 66% to hit)
You throw a poisoned dart. The poisoned dart hits Duvessa!
Duvessa looks even sicker.
Duvessa is moderately wounded.
Duvessa misses you. The endoplasm freezes you.
You are frozen.
Duvessa hits you with a +0 short sword!
Throw: 2 darts (poison)
Press: ? - help, Q - select action, (/) - cycle Shift-Dir - straight line, f/p - Duvessa
Aim: Duvessa, wielding a +0 short sword and wearing a +0 leather armour (heavily wounded, berserk, very poisoned, 66% to hit)
You throw a poisoned dart.
The poisoned dart barely misses Duvessa.
The endoplasm freezes you.
You are frozen.
Duvessa hits you with a +0 short sword!
* * * LOW HITPOINT WARNING * * *
As you read the scroll labelled PAFIUTH WAEG, it crumbles to dust.
Wisps of shadow whirl around you...
It was a scroll of summoning.
Duvessa hits you with a +0 short sword!!
You die...

#..#.#..# #.....#
#..#.#..# #.....#
#......<######.###
####.......# #.#
####.#####.###.###
#.......##.......#
#................#
###.##.##.#..##)..S###..
..#.##........J.@g......
...............Je#.#####
..#.##.##.#..###.#.#
###.......#... ....#
#.<.....#... .[.##
######.#### #...#
.....)..# #...#
รท.......# #.(.#
.####.#.### ..#


You could see Duvessa (berserk, very poisoned, ally target), an endoplasm (ally
target), a friendly jelly (summoned), a friendly adder (summoned) and a friendly
goblin (summoned).

Vanquished Creatures
  An ogre (D:3)
  Blork the orc (D:4)
  A scorpion (D:4)
  Dowan (D:4)
  A jelly (D:3)
  A hound (D:2)
  Ijyb (D:4)
  A gnoll (D:1)
  2 adders
  An ufetubus (D:4)
  A worm (D:3)
  4 dart slugs
  An orc (D:3)
  8 ball pythons
  5 endoplasms
  5 giant cockroaches
  2 goblins
  9 hobgoblins
  4 jackals (D:1)
  5 kobolds
  8 quokkas
  9 bats
  6 frilled lizards
  6 rats
84 creatures vanquished.

Notes
Turn   | Place    | Note
-------+----------+-------------------------------------------
     0 | D:1      | epen the Gnoll Brigand began the quest for the Orb.
     0 | D:1      | Reached XP level 1. HP: 20/20 MP: 1/1
   161 | D:1      | Found a faded altar of an unknown god.
   211 | D:1      | Reached XP level 2. HP: 26/26 MP: 2/2
   411 | D:1      | Reached XP level 3. HP: 31/31 MP: 3/3
   545 | D:1      | You fall into a shaft and drop 1 floor!
   564 | D:2      | Reached skill level 1 in Invocations
   652 | D:2      | Reached skill level 1 in Long Blades
   652 | D:2      | Reached skill level 1 in Axes
   652 | D:2      | Reached skill level 1 in Maces & Flails
   652 | D:2      | Reached skill level 1 in Polearms
   652 | D:2      | Reached skill level 1 in Staves
   652 | D:2      | Reached skill level 1 in Slings
   652 | D:2      | Reached skill level 1 in Bows
   652 | D:2      | Reached skill level 1 in Crossbows
   652 | D:2      | Reached skill level 1 in Armour
   652 | D:2      | Reached skill level 1 in Shields
   652 | D:2      | Reached skill level 1 in Unarmed Combat
   652 | D:2      | Reached skill level 1 in Spellcasting
   652 | D:2      | Reached skill level 1 in Evocations
   652 | D:2      | Reached XP level 4. HP: 22/38 MP: 5/5
   871 | D:1      | Reached skill level 1 in Conjurations
   871 | D:1      | Reached skill level 1 in Hexes
   871 | D:1      | Reached skill level 1 in Summonings
   871 | D:1      | Reached skill level 1 in Necromancy
   871 | D:1      | Reached skill level 1 in Translocations
   871 | D:1      | Reached skill level 1 in Transmutations
   871 | D:1      | Reached skill level 1 in Fire Magic
   871 | D:1      | Reached skill level 1 in Ice Magic
   871 | D:1      | Reached skill level 1 in Air Magic
   871 | D:1      | Reached skill level 1 in Earth Magic
   871 | D:1      | Reached skill level 1 in Poison Magic
  1629 | D:2      | Found a sparkling altar of Nemelex Xobeh.
  2296 | D:3      | Reached XP level 5. HP: 34/43 MP: 7/7
  2383 | D:3      | Noticed a phantom
  2716 | D:3      | Noticed an ogre
  2729 | D:3      | Killed an ogre
  2730 | D:3      | Reached skill level 8 in Stealth
  2730 | D:3      | Reached XP level 6. HP: 35/50 MP: 8/8
  3476 | D:4      | Noticed Blork the orc
  3487 | D:4      | Killed Blork the orc
  3488 | D:4      | Reached skill level 5 in Fighting
  3488 | D:4      | Reached skill level 5 in Short Blades
  3488 | D:4      | Reached skill level 5 in Throwing
  3663 | D:4      | Noticed Ijyb
  3686 | D:4      | Killed Ijyb
  3898 | D:4      | Noticed Dowan
  3901 | D:4      | Noticed Duvessa
  3910 | D:4      | Killed Dowan
  3911 | D:4      | Reached XP level 7. HP: 56/56 MP: 10/10
  4156 | D:4      | Mangled by Duvessa

Illustrated notes

Levels and vault maps discovered:
D:1:      spicycebolla_arrival_xxxplode, layout_loops_cross,
          ebering_ecumenical_altar_abandoned, dreamdust_mushroom_princess,
          minmay_surrounded
D:2:      layout_basic, basic_altar
D:3:      layout_basic, mrwooster_statue_mirror, minmay_misc_feat_encased
D:4:      cheibrodos_helix_gallery, layout_loops_cross,
          nicolae_dithmenos_through_a_glass_darkly, kennysheep_generic_room_13,
          uniq_duvessa, uniq_ijyb, uniq_blork_the_orc

Skill      XL: |  1  2  3  4  5  6 |
---------------+-------------------+-----
Invocations    | 1 2 |  2.5
Long Blades    | 1 2 |  2.2
Axes           | 1 2 |  2.2
Maces & Flails | 1 2 |  2.2
Polearms       | 1 2 |  2.2
Staves         | 1 2 |  2.2
Slings         | 1 2 |  2.2
Bows           | 1 2 |  2.2
Crossbows      | 1 2 |  2.2
Armour         | 1 2 |  2.2
Shields        | 1 2 |  2.2
Unarmed Combat | 1 2 |  2.2
Spellcasting   | 1 2 |  2.2
Evocations     | 1 2 |  2.2
Conjurations   | 1 |  1.8
Hexes          | 1 |  1.8
Summonings     | 1 |  1.8
Necromancy     | 1 |  1.8
Translocations | 1 |  1.8
Transmutations | 1 |  1.8
Fire Magic     | 1 |  1.8
Ice Magic      | 1 |  1.8
Air Magic      | 1 |  1.8
Earth Magic    | 1 |  1.8
Poison Magic   | 1 |  1.8
Dodging        | 3 |  3.4
Stealth        | 8 |  8.1
Fighting       | 5 |  5.1
Short Blades   | 5 |  5.1
Throwing       | 5 |  5.1

Action                   |  1- 3 |  4- 6 |  7- 9 || total
-------------------------+-------+-------+-------++-------
Melee: Dagger            |    75 |   179 |     1 ||   255
       Bite              |     3 |    19 |       ||    22
       Punch             |       |     4 |     1 ||     5
Throw: Dart              |       |    47 |     7 ||    54
  Use: Scroll            |       |     6 |     2 ||     8
 Stab: Sleeping          |    10 |    17 |       ||    27
       Distracted        |       |     1 |       ||     1
Armor: Robe              |    18 |    33 |       ||    51
Dodge: Dodged            |    29 |    92 |     3 ||   124

Table legend: (Time is in decaauts)
 A = Elapsed time spent in this place.
 B = Non-inter-level travel time spent in this place.
 C = Inter-level travel time spent in this place.
 D = Time resting spent in this place.
 E = Time spent auto-exploring this place.
 F = Levels seen in this place.
 G = Mean time per level.
                   A        B        C        D        E       F      G
               +--------+--------+--------+--------+--------+-----+--------+
         Total |   4082 |   3985 |     97 |    494 |   2812 |   4 | 1020.5 |
       Dungeon |   4082 |   3985 |     97 |    494 |   2812 |   4 | 1020.5 |
               +--------+--------+--------+--------+--------+-----+--------+

Top non-repeatable levels by time:
     D:3: 1449 daAuts
     D:2: 1011 daAuts
     D:1: 958 daAuts
     D:4: 663 daAuts
